 Dungeon Crawl Stone Soup version 0.23.2-40-g277498a001 (webtiles) character file.

Game seed: 2730894396579802805

727 Emblim88 the Skirmisher (level 7, -5/62 HPs)
             Began as a Ghoul Fighter on Oct 3, 2019.
             Was a Follower of Trog.
             Killed from afar by Dowan (6 damage)
             ... with a shard of ice
             ... on level 4 of the Dungeon.
             The game lasted 00:14:15 (3251 turns).

Emblim88 the Skirmisher (Ghoul Fighter)             Turns: 3251, Time: 00:14:17

Health: -5/62      AC: 16    Str: 20 (21) XL:     7   Next: 72%
Magic:  15/15      EV:  4    Int:  0 (3)  God:    Trog [*.....]
Gold:   166        SH:  9    Dex: 10 (11) Spells: 6/6 levels left

rFire    . . .     SeeInvis .     - Unarmed
rCold    + . .     Gourm    .   b - +0 shield
rNeg     + + +     Faith    .   j - +0 plate armour
rPois    ∞         Spirit   .   t - +0 helmet (curse)
rElec    +         Reflect  .   g - +1 cloak
rCorr    .         Harm     .   (no gloves)
MR       .....                  h - +0 pair of boots
Stlth    ..........             (no amulet)
HPRegen  0.00/turn              e - ring "Kunedops" {rElec MP+9 Dex+2}
MPRegen  0.14/turn              (no ring)

@: rotting, slowed, lost intelligence, very slow
A: rotting body, claws 1, carnivore, cold resistance 1, negative energy
resistance 3, inhibited regeneration, torment resistance, unbreathing
a: Renounce Religion


You were on level 4 of the Dungeon.
You worshipped Trog.
Trog was aware of your devotion.
You were not hungry.

You visited 1 branch of the dungeon, and saw 4 of its levels.

You collected 166 gold pieces.

Inventory:

Hand Weapons
 s - a +2 dagger of draining
Missiles
 u - 2 throwing nets
 y - 4 javelins (quivered)
Armour
 b - a +0 shield (worn)
 g - a +1 cloak (worn)
 h - a +0 pair of boots (worn)
 j - a +0 plate armour (worn)
 t - a cursed +0 helmet (worn)
Jewellery
 e - the ring "Kunedops" (left claw) {rElec MP+9 Dex+2}
   (You found it on level 4 of the Dungeon)

   [ring of magical power]

   It affects your dexterity (+2).
   It insulates you from electricity.
   It affects your magic capacity (+9).
 l - a +6 ring of dexterity {unknown}
Wands
 c - a wand of polymorph (6)
 n - a wand of iceblast (8)
Scrolls
 f - a scroll of magic mapping
 k - 2 scrolls of teleportation
 o - 2 scrolls of enchant weapon
 p - a scroll of immolation
 v - 2 scrolls of remove curse
 w - a scroll of blinking
 z - a scroll of enchant armour
Potions
 i - a potion of cancellation
 m - a potion of berserk rage
Comestibles
 d - 4 rations


   Skills:
 * Level 5.9 Fighting
 + Level 3.8 Armour
 + Level 2.2 Dodging
 + Level 3.9 Shields
 * Level 5.3 Unarmed Combat


You had 6 spell levels left.
You didn't know any spells.
Your spell library was empty.

Dungeon Overview and Level Annotations

Branches:
Dungeon (4/15)
 Temple: D:4-7

Altars:
Trog

Annotations:
D:4 Dowan


Innate Abilities, Weirdness & Mutations

Your body is rotting away.
You thrive on raw meat.
You are immune to poison.
You have sharp fingernails.
You are carnivorous and can eat meat at any time.
Your flesh is cold resistant. (rC+)
You are immune to negative energy. (rN+++)
You do not regenerate when monsters are visible.
You are immune to unholy pain and torment.
You can survive without breathing.


Message History

Dowan hits you but does no damage.
You closely miss Dowan.
Dowan is lightly wounded.
Dowan mumbles some strange words.
Dowan blinks!
Dowan hits you but does no damage.
You scratch Dowan but do no damage.
Dowan is lightly wounded.
Dowan hits you but does no damage.
You scratch Dowan.
Dowan is heavily wounded.
Dowan hits you but does no damage.
Dowan mumbles some strange words.
Dowan seems to speed up.
You scratch Dowan.
Dowan is heavily wounded.
Dowan breathes, "And she was my only..."
Dowan drinks a potion.
Dowan is healed!
Dowan casts a spell at you. The shard of ice hits you. You partially resist.
You die...

*,* ♣♣.....♣♣ *,*
♣♣.......♣♣ *,*
##♣...≈≈≈...♣ *,*
##....≈≈≈≈≈..# *,*
#.#...≈≈♣≈≈..# *,*
#.#...≈≈≈≈≈..# *,*
#.##...≈≈≈...#
*,####e#........##
*,#.)@.........##
*,#.####...#.###
**,#.# ##.##.#
*,,..# #.##.#
*,#..# #.##.#
*,...# ##.##.#
*#.#.# #..##.#
#.#.# #.###.#
#.#.# #.# #.#


You could see Dowan.

Vanquished Creatures
  Grinder (D:3)
  Duvessa (D:4)
  A phantom (D:4)
  An orc priest (D:3)
  A bullfrog skeleton (D:4)
  An orc wizard (D:4)
  3 worker ants (D:4)
  Robin (D:3)
  6 adders
  An ooze (D:4)
  6 worms
  3 dart slugs
  2 leopard geckos
  13 orcs
  6 giant cockroaches
  12 goblins
  11 hobgoblins
  2 quokkas
  7 bats
  2 frilled lizards (D:3)
  5 kobolds
  5 rats
91 creatures vanquished.

Notes
Turn   | Place    | Note
-------+----------+-------------------------------------------
     0 | D:1      | Emblim88 the Ghoul Fighter began the quest for the Orb.
     0 | D:1      | Reached XP level 1. HP: 19/19 MP: 0/0
   318 | D:1      | Reached XP level 2. HP: 26/26 MP: 1/1
   856 | D:2      | Reached XP level 3. HP: 28/33 MP: 2/2
  1460 | D:2      | Reached XP level 4. HP: 40/40 MP: 3/3
  1679 | D:3      | Noticed Robin
  1750 | D:3      | Killed Robin
  2022 | D:3      | Reached XP level 5. HP: 29/47 MP: 4/4
  2393 | D:3      | Found a bloodstained altar of Trog.
  2446 | D:3      | Became a worshipper of Trog the Wrathful
  2628 | D:4      | Noticed Grinder
  2654 | D:4      | Reached skill level 1 in Dodging
  2672 | D:3      | Reached XP level 6. HP: 30/54 MP: 5/5
  2685 | D:3      | Killed Grinder
  2685 | D:3      | Reached skill level 5 in Fighting
  2808 | D:4      | Reached XP level 7. HP: 56/61 MP: 6/6
  2929 | D:4      | Got a faintly glowing silver ring
  2930 | D:4      | Identified the ring "Kunedops" {rElec MP+9 Dex+2} (You
                  | found it on level 4 of the Dungeon)
  3102 | D:4      | Reached * piety under Trog
  3178 | D:4      | Noticed Duvessa
  3178 | D:4      | Noticed Dowan
  3191 | D:4      | Lost intelligence.
  3214 | D:4      | Killed Duvessa
  3214 | D:4      | Reached skill level 5 in Unarmed Combat
  3233 | D:4      | HP: 1/62 [Dowan/shard of ice (15)]
  3246 | D:4      | HP: 1/62 [Dowan/stone arrow (1)]
  3251 | D:4      | Killed from afar by Dowan

Skill      XL: |  1  2  3  4  5  6  7 |
---------------+----------------------+-----
Armour         | 3 |  3.8
Shields        | 3 |  3.9
Unarmed Combat | 3 4 5 |  5.3
Fighting       | 4 5 |  5.9
Dodging        | 1 2 |  2.2

Action                   |  1- 3 |  4- 6 |  7- 9 || total
-------------------------+-------+-------+-------++-------
Melee: Unarmed           |   161 |   238 |   101 ||   500
  Use: Potion            |       |     3 |     4 ||     7
       Scroll            |       |       |     9 ||     9
  Eat: Chunk             |     4 |     3 |     5 ||    12
       Ration            |       |       |     1 ||     1
Armor: Scale mail        |    12 |       |       ||    12
       Plate armour      |    91 |   147 |    89 ||   327
Dodge: Dodged            |    22 |    29 |    19 ||    70
Block: Shield            |    67 |   110 |    61 ||   238
